 Dungeon Crawl Stone Soup version 0.23.0-28-g6fe0f4d (webtiles) character file.

Game seed: 10869258270645800312

3381 Kairos the Cleaver (level 10, -2/79 HPs)
             Began as a Formicid Abyssal Knight on Feb 25, 2019.
             Was a High Priest of Lugonu.
             Slain by a crocodile (8 damage)
             ... on level 8 of the Dungeon.
             The game lasted 00:16:55 (7093 turns).

Kairos the Cleaver (Formicid Abyssal Knight)        Turns: 7093, Time: 00:16:56

Health: -2/79      AC: 14    Str: 21    XL:     10   Next: 23%
Magic:  12/12      EV: 12    Int: 11    God:    Lugonu [*****.]
Gold:   101        SH:  6    Dex: 10    Spells: 7/9 levels left

rFire    + . .     SeeInvis +   L - +3 broad axe (elec)
rCold    . . .     Gourm    .   (no shield)
rNeg     . . .     Faith    .   C - +2 ring mail {rF+}
rPois    +         Spirit   .   (helmet unavailable)
rElec    .         Reflect  +   y - +0 cloak
rCorr    .         Harm     .   f - +1 pair of gloves
MR       +....                  v - +1 pair of boots
Stlth    +++.......             b - +6 amulet of reflection
HPRegen  0.23/turn              x - ring of poison resistance
MPRegen  0.13/turn              I - ring of stealth

@: lightly drained
A: permanent stasis, dig shafts and tunnels, four strong arms, antennae 3
a: Dig, Shaft Self, Depart the Abyss, Bend Space, Banish, Corrupt, Enter the
Abyss, Renounce Religion


You were on level 8 of the Dungeon.
You worshipped Lugonu.
Lugonu was extremely pleased with you.
You were hungry.

You visited 1 branch of the dungeon, and saw 8 of its levels.
You visited the Abyss 1 time.

You collected 262 gold pieces.
You spent 161 gold pieces at shops.

Inventory:

Hand Weapons
 a - a +1 hand axe
 s - a +2 dagger of venom
 K - a +4 morningstar
 L - a +3 broad axe of electrocution (weapon)
Missiles
 E - 10 tomahawks (quivered)
Armour
 f - a +1 pair of gloves (worn)
 q - a +0 plate armour
 v - a +1 pair of boots (worn)
 y - a +0 cloak (worn)
 C - a +2 ring mail of fire resistance (worn)
Jewellery
 b - a +6 amulet of reflection (around neck)
 d - an uncursed ring of protection from fire
 x - a ring of poison resistance (left hand)
 I - a ring of stealth (right hand)
Wands
 i - a wand of digging (6)
 l - a wand of iceblast (23)
 D - a wand of random effects (36)
 J - a wand of scattershot (2)
 M - a wand of enslavement (6)
Scrolls
 j - a scroll of noise {unknown}
 k - 11 scrolls of identify
 m - 2 scrolls of enchant armour {unknown}
 p - 12 scrolls of remove curse {unknown}
 t - 2 scrolls of amnesia {unknown}
 B - a scroll of blinking {unknown}
 F - 2 scrolls of fog {unknown}
 G - 2 scrolls of fear {unknown}
 H - a scroll of immolation {unknown}
 N - a scroll of enchant weapon {unknown}
Potions
 e - a potion of berserk rage {unknown}
 n - a potion of magic {unknown}
 o - a potion of brilliance {unknown}
 r - a potion of heal wounds {unknown}
 u - 2 potions of degeneration {unknown}
 w - a potion of might {unknown}
 z - 2 potions of mutation {unknown}
 A - 5 potions of curing
Miscellaneous
 g - a phantom mirror
 h - a lightning rod (inert)
Comestibles
 c - 10 rations


   Skills:
 + Level 7.2(6.9) Fighting
 + Level 9.6(9.4) Axes
   Level 1.3 Slings
 + Level 0.9(1.0) Throwing
 + Level 6.3(6.1) Armour
 + Level 3.8(3.6) Dodging
 + Level 4.2(3.9) Stealth
 + Level 3.1(2.9) Invocations
 + Level 1.2(1.0) Evocations


You had 7 spell levels left.
You knew the following spells:

 Your Spells              Type           Power        Failure   Level  Hunger
a - Poisonous Vapours     Pois/Air       #.....       63%         2    ###....

Your spell library contained the following spells:

 Spells                   Type           Power        Failure   Level  Hunger
 Summon Small Mammal      Summ           #...         50%         1    ##.....
 Call Imp                 Summ           #.......     63%         2    ###....
 Call Canine Familiar     Summ           #.......     86%         3    ####...
 Conjure Flame            Conj/Fire      #.......     86%         3    ####...
 Mephitic Cloud           Conj/Pois/Air  #.......     86%         3    ####...
 Summon Guardian Golem    Hex/Summ       #.......     86%         3    ####...
 Summon Ice Beast         Ice/Summ       #.......     99%         4    #####..
 Summon Lightning Spire   Summ/Air       #.......     99%         4    #####..
 Freezing Cloud           Conj/Ice/Air   #.........   100%        6    #######
 Ring of Flames           Chrm/Fire      #.........   100%        7    #######


Dungeon Overview and Level Annotations

Branches:
Dungeon (8/15)             Temple (0/1) D:6
   Lair: D:8-11

Altars:
Dithmenos
Makhleb
Okawaru
Qazlal
Ru
Sif Muna
Vehumet
Xom
Zin

Shops:
D:6 %?(

Annotations:
D:5 2 runed translucent doors, Mgcat's ghost, novice BaFi


Innate Abilities, Weirdness & Mutations

You cannot be hasted, slowed, berserked, paralysed or teleported.
You can dig through walls and to a lower floor.
Your four strong arms can wield two-handed weapons with a shield.
You have a pair of large antennae on your head. (SInv)


Message History

The yak gores you but does no damage.
The orc wizard hits you but does no damage.
The crocodile bites you!
* * * LOW HITPOINT WARNING * * *
The orc warrior hits you from afar with a +0 halberd.
* * * LOW HITPOINT WARNING * * *
The yak gores you but does no damage.
The orc wizard hits you but does no damage.
The yak gores you but does no damage.
The crocodile bites you but does no damage.
A yak comes into view.
The yak gores you but does no damage.
The orc warrior hits you from afar with a +0 halberd!
* * * LOW HITPOINT WARNING * * *
The orc wizard hits you but does no damage.
You turn to flesh and can move again.
You fail to use your ability.
You block the yak's attack.
The orc wizard hits you but does no damage.
You feel drained. The crocodile bites you!
You die... #... . #... .. #... ...#... .......##### .♣.........# .......otlo# P...YPh.YYt#

.P....{##@o# {
...P.{.
#..#.........
..?.t..
#..#...........
P...P..
#..#...........
...P...
#..#...........#
..P....
#..#...........#
.P....{
#..#...........#
#..#...........#
{
#..'..^†.......#


You could see 3 yaks, a basilisk, an orc warrior, 2 crocodiles, a hound, an orc
priest and an orc wizard.

Vanquished Creatures
  A hippogriff (D:7)
  A hungry ghost (D:8)
  A soldier ant (D:8)
  A water moccasin (D:8)
  A sky beast (D:6)
  An orc warrior (D:7)
  A black bear (D:7)
  3 ogres
  3 centaurs
  2 bullfrogs
  5 scorpions
  8 killer bees
  2 howler monkeys (D:4)
  5 wights (D:6)
  3 crimson imps
  3 hounds
  5 orc wizards
  An orc priest (D:6)
  An iguana (D:4)
  Natasha (thrice) (D:4)
  7 worker ants
  A killer bee zombie (D:6)
  A hound zombie (D:7)
  7 gnolls
  11 adders
  3 oozes
  2 adder skeletons (D:4)
  An adder zombie (D:8)
  6 worms
  2 dart slugs (D:2)
  4 leopard geckos
  22 orcs
  A ball python (D:5)
  9 bats
  8 giant cockroaches
  11 goblins
  2 hobgoblins
  8 jackals
  9 kobolds
  4 quokkas
  5 frilled lizards
  A jackal zombie (D:5)
  2 quokka skeletons
  A quokka zombie (D:5)
  8 rats
187 creatures vanquished.

Vanquished Creatures (others)
  A hornet (D:8)
  An orc (D:7)
2 creatures vanquished.

Grand Total: 189 creatures vanquished

Notes
Turn   | Place    | Note
-------+----------+-------------------------------------------
     0 | Abyss:1  | Kairos the Formicid Abyssal Knight began the quest for the
                  | Orb.
     0 | Abyss:1  | Reached XP level 1. HP: 18/18 MP: 2/2
    66 | Abyss:2  | Noticed a spatial maelstrom
    84 | Abyss:2  | Noticed a spatial vortex
    91 | Abyss:2  | Noticed a worldbinder
    95 | Abyss:2  | Noticed a yaktaur
    95 | Abyss:2  | Noticed a yaktaur
    95 | Abyss:2  | Noticed an ironheart preserver
   108 | Abyss:2  | Noticed an ironheart preserver
   108 | Abyss:2  | Noticed a thrashing horror
   109 | Abyss:2  | Noticed a vault sentinel
   114 | Abyss:2  | Noticed an ironheart preserver
   115 | D:1      | Escaped the Abyss
   451 | D:1      | Reached XP level 2. HP: 12/24 MP: 3/3
   493 | D:1      | Reached * piety under Lugonu
   596 | D:1      | Reached skill level 1 in Dodging
   596 | D:1      | Reached XP level 3. HP: 22/29 MP: 4/4
  1004 | D:2      | Reached XP level 4. HP: 26/36 MP: 4/6
  1005 | D:2      | Reached skill level 1 in Slings
  1467 | D:2      | Found a deep blue altar of Sif Muna.
  1469 | D:2      | Found a stormy altar of Qazlal.
  1477 | D:2      | Found a shadowy altar of Dithmenos.
  1533 | D:2      | Found a radiant altar of Vehumet.
  1545 | D:2      | Reached ** piety under Lugonu
  1878 | D:3      | Reached XP level 5. HP: 41/42 MP: 7/7
  1918 | D:3      | Reached skill level 3 in Axes
  2343 | D:3      | Found a burning altar of Makhleb.
  2344 | D:3      | Found a shimmering altar of Xom.
  2826 | D:3      | Reached XP level 6. HP: 48/48 MP: 8/8
  2947 | D:3      | Found a sacrificial altar of Ru.
  3055 | D:4      | Noticed an ogre
  3069 | D:4      | Killed an ogre
  3069 | D:4      | Reached skill level 4 in Axes
  3105 | D:4      | Reached XP level 7. HP: 54/55 MP: 9/9
  3113 | D:4      | Noticed Natasha
  3133 | D:4      | Killed Natasha
  3133 | D:4      | Reached *** piety under Lugonu
  3133 | D:4      | Reached skill level 1 in Evocations
  3672 | D:4      | Reached skill level 5 in Axes
  3703 | D:4      | Noticed Natasha
  3737 | D:4      | Killed Natasha
  3787 | D:4      | Reached skill level 5 in Fighting
  3787 | D:4      | Reached XP level 8. HP: 24/62 MP: 10/10
  4019 | D:4      | Noticed Natasha
  4035 | D:4      | Killed Natasha
  4523 | D:5      | Entered Level 5 of the Dungeon
  4607 | D:5      | Reached skill level 6 in Axes
  4607 | D:5      | Reached skill level 5 in Armour
  4644 | D:5      | Reached **** piety under Lugonu
  4656 | D:5      | Found a glowing silver altar of Zin.
  4884 | D:5      | Found a runed translucent door.
  4916 | D:5      | Found a runed translucent door.
  4916 | D:5      | Noticed Mgcat's ghost (novice BaFi)
  5046 | D:6      | Found a staircase to the Ecumenical Temple.
  5512 | D:6      | Found Bommorog's Magic Scroll Emporium.
  5530 | D:6      | Found Celiw's Antique Weapon Boutique.
  5530 | D:6      | Found Ikiymn's Food Shop.
  5583 | D:6      | Found a shadowy altar of Dithmenos.
  5701 | D:6      | Reached skill level 7 in Axes
  5735 | D:6      | Reached XP level 9. HP: 61/69 MP: 11/11
  6111 | D:6      | Bought a runed broad axe for 161 gold pieces
  6340 | D:7      | Reached skill level 8 in Axes
  6487 | D:7      | Noticed a hippogriff
  6501 | D:7      | Killed a hippogriff
  6513 | D:7      | Learned a level 2 spell: Poisonous Vapours
  6549 | D:7      | Found an iron altar of Okawaru.
  6776 | D:8      | Noticed a hornet
  6777 | D:8      | Reached skill level 9 in Axes
  6777 | D:8      | Reached XP level 10. HP: 58/77 MP: 12/12
  7076 | D:8      | Reached ***** piety under Lugonu
  7093 | D:8      | Slain by a crocodile

Skill      XL: |  1  2  3  4  5  6  7  8  9 10 |
---------------+-------------------------------+-----
Dodging        | 1 2 3 |  3.8
Slings         | 1 |  1.3
Armour         | 3 4 5 6 |  6.3
Axes           | 3 4 5 7 9 |  9.6
Fighting       | 4 5 6 7 |  7.2
Stealth        | 2 3 4 |  4.2
Evocations     | 1 |  1.2
Invocations    | 3 |  3.1
Throwing       | |  0.9

Action                   |  1- 3 |  4- 6 |  7- 9 | 10-12 || total
-------------------------+-------+-------+-------+-------++-------
Melee: Hand axe          |    71 |   196 |   426 |       ||   693
       Dagger            |       |    10 |       |       ||    10
       Broad axe         |       |       |    84 |    36 ||   120
 Fire: Hunting sling     |    16 |       |       |       ||    16
Throw: Stone             |     5 |       |       |       ||     5
Invok: Depart the Abyss  |     1 |       |       |       ||     1
       Banish            |       |       |       |     1 ||     1
Evoke: Lightning rod     |     1 |     5 |     3 |       ||     9
  Use: Scroll            |     1 |       |     1 |       ||     2
       Potion            |       |     2 |       |       ||     2
 Stab: Invisible         |       |     1 |       |       ||     1
       Sleeping          |       |       |     1 |     4 ||     5
  Eat: Chunk             |       |     7 |    10 |     1 ||    18
       Ration            |       |       |     1 |       ||     1
Armor: Leather armour    |    42 |    10 |       |       ||    52
       Plate armour      |       |   149 |   161 |       ||   310
       Ring mail         |       |       |   148 |    44 ||   192
Dodge: Dodged            |    49 |    70 |   239 |    23 ||   381
Block: Other             |       |       |    64 |    16 ||    80
       Reflection        |       |       |     2 |       ||     2
